 Dungeon Crawl Stone Soup version 0.28.0-45-g0d030f2227 (webtiles) character file.

Game seed: 13732034984958616269

461 mcbry74 the Poker (level 7, -2/54 HPs)
             Began as a Merfolk Gladiator on Mar 28, 2022.
             Killed from afar by a white imp (3 damage)
             ... with a puff of frost
             ... summoned by Natasha
             ... on level 4 of the Dungeon on Apr 29, 2022.
             The game lasted 00:15:06 (3461 turns).

mcbry74 the Poker (Merfolk Gladiator)               Turns: 3461, Time: 00:15:07

Health: -2/54      AC:  4    Str: 15    XL:     7   Next: 7%
Magic:  7/7        EV: 14    Int:  9    God:
Gold:   81         SH:  0    Dex: 15    Spells: 6/6 levels left

rFire   . . .      SeeInvis .   a - +0 trident
rCold   . . .      Faith    .   (no shield)
rNeg    . . .      Spirit   .   b - +0 leather armour
rPois   .          Reflect  .   c - +0 helmet
rElec   .          Harm     .   (no cloak)
rCorr   .          Rampage  .   (no gloves)
Will    .....                   (no boots)
Stlth   +.........              (no amulet)
HPRegen 0.18/turn               (no ring)
MPRegen 0.10/turn               (no ring)

@: no status effects
A: (nimble swimmer 2), mertail
a: no special abilities


You were on level 4 of the Dungeon.
You visited 1 branch of the dungeon, and saw 4 of its levels.

You collected 81 gold pieces.

Inventory:

Hand Weapons
 a - a +0 trident (weapon)
Missiles
 d - a throwing net
 e - 81 stones (quivered)
Armour
 b - a +0 leather armour (worn)
 c - a +0 helmet (worn)
 p - an orb of guile
Wands
 o - a wand of flame (14)
Scrolls
 g - 3 scrolls of identify {unknown}
 h - 3 scrolls of teleportation {unknown}
 j - a scroll of vulnerability {unknown}
 k - 3 scrolls of amnesia {unknown}
 r - a scroll of silence {unknown}
Potions
 f - a potion of mutation {unknown}
 l - a potion of flight {unknown}
 m - a potion of haste {unknown}
 n - a potion of attraction {unknown}
 q - a potion of resistance {unknown}


   Skills:
 + Level 4.0 Fighting
 * Level 7.8 Polearms
 + Level 3.6 Throwing
 + Level 5.7 Dodging


You had 6 spell levels left.
You didn't know any spells.
Your spell library contained the following spells:

 Spells                   Type           Power      Damage    Failure   Level
 Gell's Gravitas          Tloc           0%         N/A       83%         3
 Lesser Beckoning         Tloc           0%         N/A       83%         3
 Portal Projectile        Hex/Tloc       0%         N/A       83%         3
 Teleport Other           Tloc           0%         N/A       83%         3
 Blade Hands              Tmut           0%         N/A       100%        5
 Excruciating Wounds      Necr           0%         N/A       100%        5


Dungeon Overview and Level Annotations

Branches:
Dungeon (4/15)
 Temple: D:4-7

Altars:
Hepliaklqana
Makhleb
Nemelex Xobeh
Qazlal
Trog
Yredelemnul

Annotations:
D:4 Natasha


Innate Abilities, Weirdness & Mutations

((You are very nimble when in or above water. (Stealth+, EV+, Speed+++)))
Your lower body shifts to a powerful aquatic tail in water.


Message History

There is an open door here.
The orc priest calls down the wrath of Beogh upon you.
Beogh smites you! As you open the door, it creaks loudly!
Natasha, Servant of Life and Death comes into view.
Natasha hisses angrily.
Natasha moves out of view.
Natasha mewls in sadness.
Natasha mumbles some strange words.
There is an open door here.
Natasha barely misses you. The white imp gestures at you.
The puff of frost hits you!
The white imp hits you but does no damage.
Natasha stares at you and mumbles some strange words.
The magic dart hits you.
There is an open door here.
Natasha mumbles some strange words.
There is an open door here.
The orc throws a stone.
The stone hits you but does no damage. The white imp gestures at you.
The puff of frost hits you!
* * * LOW HITPOINT WARNING * * *
Clearing level map.
As you close the door, it creaks loudly!
The orc cheers repeatedly, as Orcs often do.
A white imp opens the door.
The white imp closely misses you.
The white imp shouts, "Take thy face hence, thou feckless fen-sucked codpiece!"
The white imp gestures at you. The puff of frost hits you.
* * * LOW HITPOINT WARNING * * *
The white imp closely misses you. The white imp gestures at you.
The puff of frost misses you. The white imp gestures at you.
The puff of frost hits you.
* * * LOW HITPOINT WARNING * * *
The white imp gestures at you. The puff of frost hits you.
You die...

#.....#...#.........#....
#.....'...#.........#....
#....##...#.........#....
#....##'###...>.....###'#
#.....#...#######........
#.....#.....5............
#.....'....5..≈≈.≈≈......
#....##...##..≈#'#≈......
#....##.@.##...'_+.......
###'####...####≈#h#≈......
#......#...#...≈≈.≈§..##+#
#......#<..#.....o....#...
#......#...#..........+...
#......##'##..........#...
#.....................#..#
#######.....##+###'####..#
#.....#............#


You could see 2 white imps.

Vanquished Creatures
  A necrophage (D:4)
  2 ogres (D:4)
  A jelly (D:3)
  An iguana (D:4)
  Natasha (D:4)
  A gnoll (D:1)
  6 adders
  An ufetubus (D:3)
  A worm (D:2)
  3 dart slugs
  4 orcs
  6 endoplasms
  2 giant cockroaches (D:3)
  3 goblins (D:1)
  7 hobgoblins
  3 quokkas
  2 ball pythons (D:2)
  4 bats
  3 frilled lizards
  4 kobolds
  4 rats
60 creatures vanquished.

Notes
Turn   | Place    | Note
-------+----------+-------------------------------------------
     0 | D:1      | mcbry74 the Merfolk Gladiator began the quest for the Orb.
     0 | D:1      | Reached XP level 1. HP: 16/16 MP: 1/1
   190 | D:1      | Reached XP level 2. HP: 17/23 MP: 2/2
   368 | D:1      | Reached skill level 5 in Polearms
   544 | D:1      | Reached XP level 3. HP: 26/28 MP: 3/3
   937 | D:2      | Found a faded altar of an unknown god.
  1014 | D:2      | Reached XP level 4. HP: 34/34 MP: 4/4
  1350 | D:2      | Found a hazy altar of Hepliaklqana.
  1693 | D:3      | Found a bloodstained altar of Trog.
  1740 | D:3      | Reached skill level 6 in Polearms
  1997 | D:3      | Reached XP level 5. HP: 41/41 MP: 5/5
  2016 | D:3      | Found a hazy altar of Hepliaklqana.
  2027 | D:3      | Found a sparkling altar of Nemelex Xobeh.
  2032 | D:3      | Found a burning altar of Makhleb.
  2522 | D:4      | Noticed an ogre
  2529 | D:4      | Killed an ogre
  2530 | D:4      | Reached skill level 5 in Dodging
  2556 | D:4      | Found a stormy altar of Qazlal.
  2630 | D:4      | Found a basalt altar of Yredelemnul.
  2684 | D:4      | Reached XP level 6. HP: 47/47 MP: 6/6
  2846 | D:4      | Noticed a necrophage
  2862 | D:4      | Killed a necrophage
  2863 | D:4      | Reached skill level 7 in Polearms
  3103 | D:4      | Upgraded the game from 0.28.0-43-g3370ac3207 to
                  | 0.28.0-45-g0d030f2227
  3116 | D:4      | Noticed Natasha
  3122 | D:4      | Killed Natasha
  3211 | D:4      | Reached XP level 7. HP: 45/54 MP: 7/7
  3445 | D:4      | Noticed Natasha
  3460 | D:4      | HP: 1/54 [white imp/puff of frost[Natasha] (4)]
  3461 | D:4      | Killed from afar by a white imp

Illustrated notes

Levels and vault maps discovered:
D:1:      dpeg_arrival_simpleton_a, layout_basic, bh_walls_and_bars
D:2:      layout_basic, basic_altar, ebering_ecumenical_altar_ruins
D:3:      layout_basic, general_overflow_altar, grunt_temple_overflow_open
D:4:      layout_gridville, lemuel_crystal_altar, kennysheep_mini_moat,
          uniq_natasha, uniq_edmund

Skill      XL: |  1  2  3  4  5  6 |
---------------+-------------------+-----
Polearms       | 5 6 7 |  7.8
Fighting       | 3 4 |  4.0
Throwing       | 3 |  3.6
Dodging        | 5 |  5.7

Action                   |  1- 3 |  4- 6 |  7- 9 || total
-------------------------+-------+-------+-------++-------
Melee: Trident           |    48 |    98 |     3 ||   149
       Punch             |       |     1 |       ||     1
Throw: Stone             |    46 |    40 |    12 ||    98
       Dart              |    17 |    27 |     2 ||    46
       Throwing net      |     1 |     4 |       ||     5
 Stab: Sleeping          |     1 |     1 |       ||     2
       Held in net/web   |       |     1 |       ||     1
Armor: Leather armour    |     3 |     2 |     2 ||     7
Dodge: Dodged            |    21 |    40 |     8 ||    69
